[Event "Late-Titled-Tuesday-Blitz-April-30-2024"]
[Site "Chess.com"]
[Date "2024.04.30"]
[Round "10"]
[White "Inepton_Fermion"]
[Black "VirtualCoach"]
[Result "0-1"]
[WhiteElo "2418"]
[BlackElo "2089"]
[TimeControl "180+1"]
[EndTime "15:53:55 PDT"]
[Termination "VirtualCoach won by resignation"]

1. d4 Nf6 2. Nc3 d5 3. Bg5 e6 4. e4 dxe4 5. Nxe4 Be7 6. Bxf6 gxf6 7. Nf3 f5 8. Nc3 Nc6 9. d5 Nb4 10. Bc4 Bf6 11. O-O O-O 12. dxe6 Bxe6 13. Qe2 Bxc4 14.
Qxc4 a5 15. Rfd1 Qe7 16. a3 Nc6 17. Nd5 Qd6 18. Nb6 Qe6 19. Qxe6 fxe6 20. Nxa8 Rxa8 21. c3 Kf8 22. Rd7 Be7 23. Rxc7 Rb8 24. Rd1 Nd8 25.
Rdd7 Bf6 26. Rxh7 e5 27. Kf1 b5 28. h4 b4 29. cxb4 axb4 30. a4 e4 31. Ng5 Bxb2 32. Nf7 Ne6 33. Rd7 b3 34. Nd6 Bg7 35. Nc4 Kg8 36. Rh5 Rb4 37. Nd2 b2 38. Rxf5 Rxa4 39.
Ke2 Ra1 40. Rb7 Bc3 41. Rfb5 Nd4+ 42. Ke3 Nxb5 43. Rxb5 Bxd2+ 44. Kxd2 b1=Q 45. Rxb1 Rxb1 46. Ke3 Rf1 47. g4 Rg1 48. g5 Rg2 49. Kxe4 Rxf2 50.
Ke5 Kg7 0-1

[Event "Late-Titled-Tuesday-Blitz-April-30-2024"]
[Site "Chess.com"]
[Date "2024.04.30"]
[Round "10"]
[White "mishanick"]
[Black "BogdanDeac"]
[Result "1-0"]
[WhiteElo "3132"]
[BlackElo "3084"]
[TimeControl "180+1"]
[EndTime "15:53:56 PDT"]
[Termination "mishanick won by resignation"]

1. d4 Nf6 2. c4 e6 3. Nc3 Bb4 4. e3 O-O 5. Bd3 d5 6. a3 dxc4 7. Bxc4 Be7 8. Qe2 c5 9. dxc5 Bxc5 10. Nf3 a6 11. e4 b5 12. Ba2 Bb7 13. Bg5 Be7 14. O-O h6 15. Rad1 Qc7 16. Bh4 Nh5 17.
Bxe7 Qxe7 18. Nd4 Nf6 19. e5 Nfd7 20. f4 Nc6 21. Nxc6 Bxc6 22. Rd6 Rac8 23. Rfd1 Nb6 24. Qe3 Qb7 25. R1d2 Nc4 26. Bxc4 bxc4 27. h3 Qb8 28. Kh2 Qb7 29. Qg3 Kh8 30. Qh4 Qa7 31. Qf2 Qb7 32. Qe3 Qb8 33. Qd4 Qb7 34. Rf2 Qc7 35. Qxc4 Qb7 36. Qd4 a5 37. Qe3 Kg8 38.
Rfd2 a4 39. Qg3 Kh8 40. Qh4 Kg8 41. Qg4 Qb8 42. Qg3 Qa7 43. R2d4 Qb7 44. Rb4 Qa7 45. f5 exf5 46. Rxh6 g6 47. Rbh4 1-0

[Event "Late-Titled-Tuesday-Blitz-April-30-2024"]
[Site "Chess.com"]
[Date "2024.04.30"]
[Round "10"]
[White "Rytenko_V"]
[Black "samidescalona2002"]
[Result "0-1"]
[WhiteElo "2491"]
[BlackElo "2761"]
[TimeControl "180+1"]
[EndTime "15:53:58 PDT"]
[Termination "samidescalona2002 won by resignation"]

1. d4 g6 2. Nf3 Bg7 3. c4 d6 4.
Nc3 Nd7 5. e4 e5 6. d5 a5 7. Be3 Bh6 8. Bxh6 Nxh6 9. Qd2 Ng4 10. h3 Ngf6 11. Qh6 Nc5 12. Nd2 Ng8 13. Qe3 Nf6 14.
Qh6 Bd7 15. Be2 Qe7 16. O-O Ng8 17. Qe3 g5 18. b3 h6 19. a3 Nf6 20. b4 Na6 21. Nb5 Kf8 22. Rfc1 axb4 23. axb4 Kg7 24. Rab1 c6 25. dxc6 bxc6 26. Nc3 Rhb8 27. b5 Nc5 28. bxc6 Bxc6 29. Nd5 Qd8 30. Bg4 Rxb1 31. Rxb1 Rb8 32. Re1 Bxd5 33. exd5 Qa5 34. Bf5 Rb2 35. Nf1 Rb3 36.
Qc1 Rc3 37. Qd2 Nb3 38. Qb2 Nd4 39. Bb1 Rxc4 40. h4 Qxe1 41. hxg5 hxg5 0-1

[Event "Late-Titled-Tuesday-Blitz-April-30-2024"]
[Site "Chess.com"]
[Date "2024.04.30"]
[Round "10"]
[White "scandalgod"]
[Black "Indefatigable11"]
[Result "0-1"]
[WhiteElo "2498"]
[BlackElo "2407"]
[TimeControl "180+1"]
[EndTime "15:53:59 PDT"]
[Termination "Indefatigable11 won on time"]

1. d4 Nf6 2. c4 e6 3. g3 d5 4. Bg2 Be7 5. Nf3 O-O 6. O-O dxc4 7.
Ne5 c5 8. dxc5 Bxc5 9. Nxc4 Nc6 10. Nc3 Bd7 11. Bg5 Be7 12. Rc1 h6 13. Bf4 Rc8 14. Nd6 Bxd6 15. Bxd6 Re8 16. Qd2 e5 17. Rfd1 Be6 18. e3 Qd7 19. Qe2 Red8 20. Bxe5 Qe7 21. Bxf6 Qxf6 22. Ne4 Qe7 23. b3 Ne5 24. Rxc8 Rxc8 25.
Nd6 Rd8 26. Nxb7 Rxd1+ 27. Qxd1 Kh7 28. Qd4 Bg4 29. Nd6 Nf3+ 30. Bxf3 Bxf3 31. Nc4 Qb4 32. Qd2 Qc5 33. h3 Qf5 34. Kh2 Qb1 35. g4 Qh1+ 36.
Kg3 g5 37. Qd3+ Be4 0-1

[Event "Late-Titled-Tuesday-Blitz-April-30-2024"]
[Site "Chess.com"]
[Date "2024.04.30"]
[Round "10"]
[White "balack95"]
[Black "laskakid"]
[Result "0-1"]
[WhiteElo "2493"]
[BlackElo "2418"]
[TimeControl "180+1"]
[EndTime "15:53:59 PDT"]
[Termination "laskakid won by checkmate"]

1. d4 f5 2. Nc3 Nf6 3. Bg5 d5 4. e3 e6 5. Nf3 Nbd7 6. Bd3 c5 7. dxc5 Bxc5 8. O-O O-O 9. a3 h6 10. Bh4 g5 11. Bg3 Ne4 12. Na4 Be7 13. c4 f4 14.
exf4 gxf4 15. Nd4 Ne5 16. Nc3 Nxd3 17. Qxd3 fxg3 18. Nxe4 dxe4 19. Qxe4 gxh2+ 20. Kh1 Rf6 21. Rad1 Qf8 22. f4 a5 23. Rf3 Ra6 24. Nb5 Rc6 25.
Rdd3 Rc5 26. b4 axb4 27. axb4 Rcf5 28. Rg3+ Kh8 29. Rd4 Rxf4 30. Qe5 Rxd4 31. Qxd4 Kh7 32. c5 Rf1+ 33. Kxh2 Qf6 34. Qd3+ Kh8 35. Nd4 Qh4+ 36. Rh3 Qf4+ 37. Rg3 Bh4 38. Ne2 Bxg3+ 39. Nxg3 Qh4# 0-1

[Event "Late-Titled-Tuesday-Blitz-April-30-2024"]
[Site "Chess.com"]
[Date "2024.04.30"]
[Round "10"]
[White "PawnEatingZombie"]
[Black "jactorres"]
[Result "1-0"]
[WhiteElo "2225"]
[BlackElo "2398"]
[TimeControl "180+1"]
[EndTime "15:54:01 PDT"]
[Termination "PawnEatingZombie won by resignation"]

1. e4 e5 2. Nf3 Nc6 3. Nc3 Nf6 4. Bb5 d6 5. O-O Bd7 6. Re1 Be7 7. Bf1 O-O 8. h3 Re8 9. d4 Bf8 10. b3 g6 11. Bb2 Bg7 12. dxe5 Nxe5 13. Nxe5 dxe5 14. Nd5 c6 15. Nxf6+ Bxf6 16. Qf3 Qe7 17. a4 Bg7 18. Ba3 Qf6 19. Qe3 Be6 20. Rad1 a6 21.
Qb6 Rab8 22. Rd3 Qg5 23. Red1 Bf6 24. Bd6 Rbc8 25. Qxb7 a5 26. Qb6 Ra8 27. Qe3 Qxe3 28. Rxe3 Bg5 29. Red3 h5 30. Bc5 Kg7 31. Be3 Bf6 32.
Rc3 Rac8 33. Rd6 c5 34. Ra6 c4 35. Bxc4 Bxc4 36. Rxc4 Rxc4 37. bxc4 Rc8 38. c5 Rc6 39. Rxc6 1-0

[Event "Late-Titled-Tuesday-Blitz-April-30-2024"]
[Site "Chess.com"]
[Date "2024.04.30"]
[Round "10"]
[White "pedroholly22"]
[Black "reevecanada"]
[Result "0-1"]
[WhiteElo "2453"]
[BlackElo "2631"]
[TimeControl "180+1"]
[EndTime "15:54:02 PDT"]
[Termination "reevecanada won by checkmate"]

1. e4 c5 2. Nf3 Nc6 3. d4 cxd4 4. Nxd4 Nf6 5. Nc3 a6 6. Nxc6 dxc6 7. Qxd8+ Kxd8 8.
f3 b5 9. Be3 Nd7 10. O-O-O Bb7 11. g3 e6 12. Rd2 Kc7 13. Bh3 Bb4 14. Rhd1 Rad8 15. Bf4+ Kc8 16. Bd6 Bxc3 17. bxc3 Nb6 18. Bc5 Nc4 19. Rd4 Kc7 20. Bf1 Rxd4 21. Bxd4 e5 22.
Bxc4 exd4 23. Bxf7 Rf8 24. Be6 dxc3 25. Rd3 b4 26. f4 c5 27. e5 Bc6 28. Rd6 g6 29. Bc4 g5 30. Rf6 Re8 31. Rf7+ Kb6 32. Rxh7 gxf4 33.
gxf4 Rf8 34. Bf7 Bf3 35. e6 Rd8 36. Bh5 Rd1# 0-1

[Event "Late-Titled-Tuesday-Blitz-April-30-2024"]
[Site "Chess.com"]
[Date "2024.04.30"]
[Round "10"]
[White "Oleg_Papayan"]
[Black "AryanTari"]
[Result "0-1"]
[WhiteElo "2639"]
[BlackElo "2986"]
[TimeControl "180+1"]
[EndTime "15:54:03 PDT"]
[Termination "AryanTari won by checkmate"]

1. e4 c6 2. Nc3 d5 3. Nf3 Qa5 4. exd5 cxd5 5. d4 Nf6 6. Bb5+ Bd7 7. Qe2 e6 8. Ne5 Bb4 9. Bd2 O-O 10. Nxd7 Nbxd7 11. h4 e5 12. dxe5 Rae8 13. f4 d4 14. Nb1 a6 15. Bxd7 Nxd7 16. a3 Bxd2+ 17. Nxd2 Nxe5 18.
O-O Nc6 19. Qd3 Qh5 20. Nf3 Re3 21. Qd2 Qg4 22. Nxd4 Nxd4 23. Qxd4 Rg3 24. Rf2 Qxh4 25. Raf1 Qg4 26. Qe4 h5 27. Qxb7 h4 28. Qd5 h3 29.
Qg5 hxg2 30. Re1 Qh3 31. Rxg2 Qxg2# 0-1

[Event "Late-Titled-Tuesday-Blitz-April-30-2024"]
[Site "Chess.com"]
[Date "2024.04.30"]
[Round "10"]
[White "Shankland"]
[Black "Mischuk_D"]
[Result "1-0"]
[WhiteElo "2972"]
[BlackElo "2833"]
[TimeControl "180+1"]
[EndTime "15:54:05 PDT"]
[Termination "Shankland won by resignation"]

1. d4 d5 2. c4 e6 3. Nf3 c6 4. Nbd2 f5 5. e3 Nf6 6. Bd3 Bd6 7. Ne5 O-O 8. O-O Nbd7 9. f4 Ne4 10. cxd5 exd5 11. Nxe4 fxe4 12. Be2 Nxe5 13. fxe5 Rxf1+ 14. Qxf1 Be7 15. Bd2 Be6 16. Qf2 Qb6 17.
Bc3 Rf8 18. Qg3 Qd8 19. Bg4 Qd7 20. Be2 Qd8 21. Rf1 Rxf1+ 22. Kxf1 Qf8+ 23. Qf4 g5 24. Qxf8+ Bxf8 25. Bh5 Be7 26. Kf2 Kf8 27. Kg3 b6 28.
Bg4 Kf7 29. Bxe6+ Kxe6 30. Kg4 c5 31. Kh5 cxd4 32. exd4 Kf5 33. Bd2 g4 34. Kh6 b5 35. a3 Bd8 36. Kg7 Ke6 37. Kxh7 Bb6 38. Be3 Kf5 39. Kh6 Bd8 40. Kh5 a5 41. Kh6 a4 42.
Kg7 Ba5 43. Kf7 b4 44. e6 bxa3 45. bxa3 Bd8 46. e7 Bxe7 47. Kxe7 1-0

[Event "Late-Titled-Tuesday-Blitz-April-30-2024"]
[Site "Chess.com"]
[Date "2024.04.30"]
[Round "10"]
[White "Blampman"]
[Black "djano"]
[Result "1/2-1/2"]
[WhiteElo "2444"]
[BlackElo "2589"]
[TimeControl "180+1"]
[EndTime "15:54:06 PDT"]
[Termination "Game drawn by repetition"]

1. d4 Nf6 2. c4 a6 3. Nc3 b5 4. cxb5 axb5 5. Nxb5 e5 6. Nc3 exd4 7.
Qxd4 Nc6 8. Qd1 Bc5 9. Nf3 O-O 10. e3 d5 11. Be2 d4 12. exd4 Nxd4 13. Nxd4 Bxd4 14.
O-O c5 15. Bf3 Rb8 16. Qc2 Ng4 17. Bf4 Ne5 18. Be4 Ba6 19. Bxh7+ Kh8 20. Rfd1 Ng4 21. Bg3 Rb6 22. Bf5 Qg5 23. a4 Rf6 24. Bxg4 Qxg4 25.
Nd5 Rg6 26. Ra3 f5 27. Nf4 Rh6 28. h3 Qg5 29. Ne2 f4 30. Nxf4 Rxf4 31. Bxf4 Qxf4 32. Rf3 Qb8 33. Qf5 Qxb2 34. Qf8+ Kh7 35. Qf5+ Kh8 36.
Qf8+ Kh7 37. Qf5+ Kh8 1/2-1/2

[Event "Late-Titled-Tuesday-Blitz-April-30-2024"]
[Site "Chess.com"]
[Date "2024.04.30"]
[Round "10"]
[White "Krlence"]
[Black "Supelyel"]
[Result "1-0"]
[WhiteElo "2507"]
[BlackElo "2400"]
[TimeControl "180+1"]
[EndTime "15:54:06 PDT"]
[Termination "Krlence won on time"]

1. e4 d6 2. d4 Nf6 3. Nc3 e5 4. dxe5 dxe5 5. Qxd8+ Kxd8 6. Bc4 Be6 7. Bxe6 fxe6 8. f3 Nbd7 9. Be3 a6 10. O-O-O Bd6 11. Nge2 Ke7 12. Rd2 h6 13. Rhd1 g5 14. b3 b5 15. Kb2 g4 16. a3 gxf3 17. gxf3 Raf8 18.
f4 Ng4 19. fxe5 Nxe3 20. exd6+ cxd6 21. Rg1 Rhg8 22. Ng3 Ne5 23. Re2 N3g4 24. Rd1 Rf2 25. Rxf2 Nxf2 26. Rf1 Nfg4 27. h3 Nf6 28. Nge2 Rg2 29.
Nf4 Rh2 30. Nce2 Nxe4 31. Nd4 Ng5 32. Ra1 Kd7 33. a4 b4 34. a5 Nef7 35. Nd3 Rxh3 36. Nxb4 Rh2 37. Nxa6 Ne5 38. Nb4 Ngf3 39. Nxf3 Nxf3 40.
a6 1-0

[Event "Late-Titled-Tuesday-Blitz-April-30-2024"]
[Site "Chess.com"]
[Date "2024.04.30"]
[Round "10"]
[White "chess_sharparchitect"]
[Black "Dr_Pepper18"]
[Result "0-1"]
[WhiteElo "2261"]
[BlackElo "2472"]
[TimeControl "180+1"]
[EndTime "15:54:09 PDT"]
[Termination "Dr_Pepper18 won by resignation"]

1. c4 e6 2. e4 d5 3. exd5 exd5 4. cxd5 Nf6 5. Nc3 Nbd7 6. Nf3 Be7 7.
d4 O-O 8. Bc4 Nb6 9. Qb3 Nxc4 10.
Qxc4 a6 11. O-O b5 12. Qd3 Nxd5 13. Re1 Bb7 14. a3 Bf6 15. Ne5 Re8 16. Bd2 Nxc3 17. Qxc3 Qd5 18. Nf3 Qd6 19. Ne5 c5 20. dxc5 Qd5 21.
Qf3 Bxe5 22. Qxd5 Bxd5 23. Rad1 Bb3 24. Rb1 Bd4 25. Be3 Bxe3 26. Rxe3 Rxe3 27. fxe3 Rc8 28. Kf2 Rxc5 29. Re1 h6 30. e4 Rc2+ 31. Kg3 Rxb2 32.
e5 Be6 33. Re3 Rb3 0-1

[Event "Late-Titled-Tuesday-Blitz-April-30-2024"]
[Site "Chess.com"]
[Date "2024.04.30"]
[Round "10"]
[White "Polish_fighter3000"]
[Black "Goryachkina"]
[Result "1-0"]
[WhiteElo "3070"]
[BlackElo "2709"]
[TimeControl "180+1"]
[EndTime "15:54:10 PDT"]
[Termination "Polish_fighter3000 won on time"]

1. b3 d5 2. Bb2 Bf5 3. Nf3 e6 4. g3 Nf6 5. d3 h6 6. Nbd2 c6 7. h3 Nbd7 8. Bg2 Bc5 9. a3 a5 10.
e3 Bh7 11. Qe2 Qe7 12. O-O O-O 13. Kh1 e5 14. e4 dxe4 15. dxe4 Rfe8 16. a4 Bb4 17.
Rad1 Rad8 18. Rfe1 Bg6 19. c3 Bd6 20. Nc4 Bc7 21.
Nh4 Bh7 22. Ba3 Qe6 23. Bd6 Bxd6 24. Nxd6 Qxb3 25. Nxe8 Rxe8 26. Rb1 Qxa4 27. Rxb7 Nc5 28. Ra7 Ncxe4 29. Kg1 Nxc3 30. Qxe5 1-0

[Event "Late-Titled-Tuesday-Blitz-April-30-2024"]
[Site "Chess.com"]
[Date "2024.04.30"]
[Round "10"]
[White "Umumba_FM"]
[Black "ArrestingPieces"]
[Result "0-1"]
[WhiteElo "2681"]
[BlackElo "2543"]
[TimeControl "180+1"]
[EndTime "15:54:10 PDT"]
[Termination "ArrestingPieces won by resignation"]

1. Nc3 d5 2. e4 e6 3. Nf3 dxe4 4. Nxe4 Nf6 5. Ng3 c5 6. d4 Nc6 7. c3 cxd4 8. Nxd4 Nxd4 9. Qxd4 Qxd4 10. cxd4 Bd7 11.
Be2 Bc6 12. O-O Rd8 13. Be3 Bd6 14. Rfd1 Nd5 15. a3 Bxg3 16. hxg3 Nxe3 17. fxe3 Ke7 18. Bf3 Rd6 19. Rac1 h5 20. Bxc6 Rxc6 21. Rxc6 bxc6 22. Rc1 Kd6 23. Rc5 g6 24. Ra5 Ra8 25. b4 Kc7 26. Kf2 Kb6 27. Kf3 Rd8 28. Ke4 Rd5 29. Rc5 f6 30.
Kd3 Rxc5 31. bxc5+ Kb5 32. e4 e5 33. Kc3 exd4+ 34.
Kxd4 g5 35. e5 fxe5+ 36. Kxe5 Kxc5 37. Kf5 Kd4 38. Kxg5 c5 39. Kxh5 c4 40. g4 c3 41.
g5 c2 42. g6 c1=Q 43. g7 Qh1+ 44. Kg6 Qxg2+ 45. Kf7 Kc3 46. g8=Q Qxg8+ 47. Kxg8 Kb3 48. Kf7 Kxa3 49. Ke6 Kb3 50. Kd5 a5 51. Kd4 a4 52.
Kd3 a3 53. Kd2 Kb2 0-1

[Event "Late-Titled-Tuesday-Blitz-April-30-2024"]
[Site "Chess.com"]
[Date "2024.04.30"]
[Round "10"]
[White "H3nriqueTV"]
[Black "Chessmatus"]
[Result "0-1"]
[WhiteElo "2419"]
[BlackElo "2566"]
[TimeControl "180+1"]
[EndTime "15:54:10 PDT"]
[Termination "Chessmatus won by resignation"]

1. e4 c5 2. Nf3 d6 3. d4 cxd4 4.
Nxd4 Nf6 5. Nc3 a6 6. Bc4 e6 7. Bb3 Nbd7 8. O-O Nc5 9. Bg5 Be7 10. Re1 h6 11. Bh4 Nxb3 12. Nxb3 g5 13. Bg3 e5 14.
Nd5 Nxd5 15. Qxd5 Qc7 16. Rad1 Be6 17. Qd2 h5 18. h3 h4 19. Bh2 g4 20. hxg4 Bxg4 21.
f3 Be6 22. f4 h3 23. fxe5 dxe5 24. Qe3 hxg2 25. Qg3 Rh5 26. Qg8+ Bf8 27. Re3 Qb6 28.
Rd3 Bc4 29. Rc3 O-O-O 30. Rxc4+ Kb8 31. Rc3 Bh6 32. Qxd8+ Qxd8 33. Red3 Qh4 34. Rh3 Qe1+ 35. Kxg2 Qe2+ 36. Kh1 Qf1+ 37. Bg1 Rxh3+ 38. Rxh3 Qxh3+ 39. Bh2 0-1

[Event "Late-Titled-Tuesday-Blitz-April-30-2024"]
[Site "Chess.com"]
[Date "2024.04.30"]
[Round "10"]
[White "ansko1999"]
[Black "JonasEilenberg"]
[Result "1-0"]
[WhiteElo "2625"]
[BlackElo "2558"]
[TimeControl "180+1"]
[EndTime "15:54:11 PDT"]
[Termination "ansko1999 won by resignation"]

1. c4 e6 2. d4 d5 3. Nf3 c5 4. cxd5 exd5 5. g3 Nf6 6. Bg2 Nc6 7. O-O Be7 8. Nc3 O-O 9. dxc5 Bxc5 10. Na4 Be7 11.
Be3 Bg4 12. Bc5 Bxc5 13. Nxc5 Qe7 14. Rc1 Rfe8 15. Re1 Rad8 16. h3 Bh5 17. Qa4 Rd6 18.
Nd4 Nxd4 19. Qxd4 b6 20. Nd3 Bg6 21. Nf4 Be4 22. Red1 Bxg2 23. Kxg2 g5 24. Nd3 Re6 25. e3 h5 26. Nb4 Rd6 27. Rc6 Rxc6 28. Nxc6 Qd6 29. Nxa7 h4 30. Nb5 Qc6 31. Qc3 Qe6 32. Qd4 hxg3 33. Nc7 Qf5 34. fxg3 Re4 35. Rf1 Qd7 36.
Qxf6 Qxc7 37. Qxg5+ Kf8 38. Qh6+ Ke8 39. Qh8+ Ke7 40. Rxf7+ Kxf7 41. Qh7+ 1-0

[Event "Late-Titled-Tuesday-Blitz-April-30-2024"]
[Site "Chess.com"]
[Date "2024.04.30"]
[Round "10"]
[White "WindWhistler11"]
[Black "zacachess"]
[Result "1-0"]
[WhiteElo "2574"]
[BlackElo "2372"]
[TimeControl "180+1"]
[EndTime "15:54:11 PDT"]
[Termination "WindWhistler11 won on time"]

1. Nf3 Nf6 2. g4 d5 3. g5 Ne4 4.
d3 Nd6 5. b3 Nc6 6. Bb2 Bg4 7.
Bg2 Qd7 8. h3 Bh5 9. Nbd2 O-O-O 10. a3 f6 11. c4 dxc4 12. bxc4 e5 13. Qa4 Kb8 14. Rb1 Nc8 15. Bc3 Nb6 16. Qb5 Nd4 17.
Bxd4 exd4 18. c5 c6 19. Qb4 Qf5 20. Qa5 Qxc5 21. Qxc5 Bxc5 22. Nb3 Bxa3 23. Nbxd4 Bc5 24. Ne6 Rd5 25. Nxg7 fxg5 26. Nxh5 Re8 27. Kf1 1-0

[Event "Late-Titled-Tuesday-Blitz-April-30-2024"]
[Site "Chess.com"]
[Date "2024.04.30"]
[Round "10"]
[White "stregachess"]
[Black "StelaSfw"]
[Result "1-0"]
[WhiteElo "2019"]
[BlackElo "1672"]
[TimeControl "180+1"]
[EndTime "15:54:11 PDT"]
[Termination "stregachess won on time"]

1. d4 Nf6 2. Nf3 e6 3. Bf4 d5 4. e3 Nbd7 5. Be2 c5 6. c3 c4 7. Nbd2 Be7 8. h3 O-O 9. O-O h6 10. b3 b5 11. Ne5 Bb7 12. Qc2 a6 13. Bf3 cxb3 14. axb3 Nb6 15. Rfc1 Rc8 16. Qd3 Ne8 17. e4 dxe4 18. Nxe4 Bxe4 19. Bxe4 Nd6 20. Rxa6 Nxe4 21. Qxe4 Nd5 22. Bd2 Bg5 23. f4 Bf6 24. Raa1 Bxe5 25. fxe5 Qc7 26. c4 bxc4 27. bxc4 Ne7 28. d5 Ng6 29. d6 Qd7 30. c5 Rfd8 31. Be3 Qb5 32. Rab1 Qa5 33. h4 Qa8 34. Qxa8 Rxa8 35. Bd4 Ra4 36.
Rd1 Nxh4 37. c6 Nf5 38. c7 Rc8 39. d7 Rxd4 40. dxc8=Q+ Kh7 41. Rxd4 1-0

[Event "Late-Titled-Tuesday-Blitz-April-30-2024"]
[Site "Chess.com"]
[Date "2024.04.30"]
[Round "10"]
[White "lamomiajunior"]
[Black "CDOEspiao"]
[Result "1-0"]
[WhiteElo "2747"]
[BlackElo "2559"]
[TimeControl "180+1"]
[EndTime "15:54:14 PDT"]
[Termination "lamomiajunior won by resignation"]

1. d4 Nf6 2. Nc3 c5 3. d5 e6 4. e4 exd5 5. e5 Ng8 6. Nxd5 Ne7 7.
Nf3 Nbc6 8. Bg5 Qa5+ 9. c3 Nxd5 10. Qxd5 Be7 11. Bc4 O-O 12. h4 Rb8 13. Bxe7 Nxe7 14.
Qd6 Nc6 15. h5 b5 16. Bd5 h6 17. Qxc5 b4 18. Qxa5 Nxa5 19. c4 Rd8 20. b3 d6 21.
O-O-O Kf8 22. exd6 Rxd6 23. Ne5 Rf6 24. f3 Kg8 25. Rhe1 Be6 26. Bxe6 Rxe6 27. Nd7 Rxe1 28. Rxe1 Rd8 29. Nc5 Nc6 30. Rd1 Rxd1+ 31. Kxd1 f5 32. Kd2 Kf7 33. Ke3 g5 34. hxg6+ Kxg6 35. Nd3 Kg5 36.
c5 h5 37. g3 Kf6 38. Kf4 a5 39. Ke3 Kg5 40. Nf4 Kf6 41. Nxh5+ Ke5 42. Nf4 Na7 43. Kd3 Nb5 44. Kc4 Nc3 45. a4 Nd1 46. c6 Kd6 47. Kb5 Nc3+ 48. Kxa5 Kxc6 49. Kxb4 Na2+ 50. Kc4 Nc1 51. b4 Na2 52. a5 Kb7 53. b5 Nc1 54. g4 fxg4 55. fxg4 1-0

[Event "Late-Titled-Tuesday-Blitz-April-30-2024"]
[Site "Chess.com"]
[Date "2024.04.30"]
[Round "10"]
[White "Janh4"]
[Black "Godzillator"]
[Result "1-0"]
[WhiteElo "2212"]
[BlackElo "2368"]
[TimeControl "180+1"]
[EndTime "15:54:15 PDT"]
[Termination "Janh4 won by checkmate"]

1. d4 Nf6 2. Nc3 d5 3. Bf4 c5 4. e3 Nc6 5. Nb5 e5 6. Bxe5 Nxe5 7. dxe5 Qa5+ 8. c3 Ne4 9. Qxd5 Bf5 10. Bc4 Bg6 11. e6 fxe6 12. Qxe6+ Be7 13. O-O-O a6 14. Rd7 Qd8 15. Rxd8+ Rxd8 16. Nc7+ Kf8 17. Nd5 Re8 18. Nxe7 Rxe7 19. Qc8+ Re8 20. Qxb7 Nd6 21. Qxa6 Ke7 22. Qa7+ Kf6 23. Qxc5 Rd8 24. Nf3 Ne4 25. Qb6+ Ke7 26. Nd4 Rc8 27. Qe6+ Kf8 28. Qxc8+ Ke7 29. Qxh8 Kf6 30.
Qd8+ Ke5 31. Nc6+ Kf5 32. g4+ Kxg4 33. Rg1+ Kf3 34. Bd5 Kxf2 35. Rxg6 Nc5 36. Rxg7 Nd3+ 37. Kc2 Ne1+ 38. Kb3 Ke2 39. Bc4+ Kf2 40. Qd2+ Kf3 41. Bd5# 1-0

[Event "Late-Titled-Tuesday-Blitz-April-30-2024"]
[Site "Chess.com"]
[Date "2024.04.30"]
[Round "10"]
[White "FairChess_on_YouTube"]
[Black "GM_dmitrij"]
[Result "1/2-1/2"]
[WhiteElo "3087"]
[BlackElo "2994"]
[TimeControl "180+1"]
[EndTime "15:54:17 PDT"]
[Termination "Game drawn by repetition"]

1. d4 Nf6 2. c4 e6 3. Nf3 d5 4.
g3 Bb4+ 5. Nbd2 dxc4 6. Bg2 b5 7. a4 c6 8. Qc2 a5 9. O-O Bb7 10. e4 Nbd7 11. e5 Nd5 12. Ne4 Qb6 13. Bd2 Be7 14. Bg5 f6 15. exf6 gxf6 16. Bh6 O-O-O 17. Rfe1 Kb8 18.
Nc3 Nb4 19. Qd2 e5 20. Be3 Qa6 21. d5 Nc5 22. dxc6 bxa4 23. cxb7 Rxd2 24. Nxd2 Nc2 25. Bd5 Rd8 26. Nxc4 Rxd5 27. Nxd5 Qxc4 28. Nxe7 Kxb7 29.
Rac1 Nb3 30. Red1 Nxc1 31. Rd7+ Kb8 32. Rd8+ Kb7 33. Rd7+ Kb8 34. Rd8+ Kb7 35. Rd7+ 1/2-1/2

[Event "Late-Titled-Tuesday-Blitz-April-30-2024"]
[Site "Chess.com"]
[Date "2024.04.30"]
[Round "10"]
[White "TheAlienParty"]
[Black "rionelG"]
[Result "1-0"]
[WhiteElo "2430"]
[BlackElo "2278"]
[TimeControl "180+1"]
[EndTime "15:54:17 PDT"]
[Termination "TheAlienParty won on time"]

1. c4 e5 2. Nc3 Nc6 3. Nf3 f5 4. g3 Nf6 5. d4 e4 6. Nh4 g6 7.
Bg5 Bg7 8. Ng2 O-O 9. Nf4 Qe8 10.
Ncd5 Qd8 11. h4 Ne7 12. Ne3 h6 13. Bxf6 Bxf6 14. g4 d6 15. h5 g5 16. Nfd5 f4 17.
Nxf6+ Rxf6 18. Nd5 Nxd5 19. cxd5 Bxg4 20. Qc2 Bf5 21.
e3 Rc8 22. Qb3 c5 23. dxc6+ Kg7 24. Qxb7+ Rf7 25. Qa6 Rb8 26. b3 Rb6 27. Qa4 Rc7 28. Rc1 Bd7 29. d5 Bg4 30. Qd4+ Qf6 31. Qxe4 Qb2 32.
Qg6+ Kf8 33. Qxd6+ Ke8 34. Qg6+ Kd8 35. Qc2 Qxc2 36. Rxc2 Bf3 37. Rg1 Bxd5 38. Rd2 Ke7 39. Rxd5 Rbxc6 40. Bc4 fxe3 41. fxe3 Re6 42. Kd2 Rc8 43.
Kd3 Rf8 44. Ra5 Rf3 45. Bxe6 1-0

[Event "Late-Titled-Tuesday-Blitz-April-30-2024"]
[Site "Chess.com"]
[Date "2024.04.30"]
[Round "10"]
[White "Good_Knight_Kiss"]
[Black "shirovin"]
[Result "1-0"]
[WhiteElo "2326"]
[BlackElo "2079"]
[TimeControl "180+1"]
[EndTime "15:54:18 PDT"]
[Termination "Good_Knight_Kiss won on time"]

1. e4 c5 2. Nf3 d6 3. d4 cxd4 4. Nxd4 Nf6 5. Nc3 a6 6. h3 e5 7. Nde2 Be6 8. g4 h6 9. Bg2 Be7 10. Be3 b5 11. Qd2 Nbd7 12. O-O O-O 13. Ng3 Rc8 14.
Nd5 Bxd5 15. exd5 Re8 16. b3 Qc7 17. Rfc1 Qc3 18. Qxc3 Rxc3 19. a4 Rec8 20. axb5 axb5 21. Ra5 Rxc2 22. Rxc2 Rxc2 23. Rxb5 Rb2 24. b4 Kh7 25. Rb7 Bd8 26. h4 g5 27. hxg5 hxg5 28. Bxg5 Bb6 29. Ne4 Nxe4 30. Bxe4+ Kg8 31. Rxd7 Bxf2+ 32. Kf1 Rxb4 33. Kxf2 Rxe4 34. Kf3 Rd4 35. Rxd6 Rd3+ 36. Ke4 Rd4+ 37. Kf5 Ra4 38. Bf6 Kh7 39. Rd8 Rf4+ 40.
Kg5 1-0

[Event "Late-Titled-Tuesday-Blitz-April-30-2024"]
[Site "Chess.com"]
[Date "2024.04.30"]
[Round "10"]
[White "Jakhongir-Vakhidov"]
[Black "DrVelja"]
[Result "0-1"]
[WhiteElo "2768"]
[BlackElo "2969"]
[TimeControl "180+1"]
[EndTime "15:54:19 PDT"]
[Termination "DrVelja won by checkmate"]

1. c4 Nf6 2. Nc3 g6 3. g3 Bg7 4. Bg2 O-O 5. d4 d6 6. Nf3 c6 7. O-O Bf5 8. Re1 Ne4 9. Qb3 Nxc3 10. bxc3 Bc8 11. e4 c5 12. Ba3 Nd7 13. e5 Qc7 14. e6 fxe6 15. Ng5 Nb6 16. Nxe6 Bxe6 17. Rxe6 Kh8 18.
Rae1 Bf6 19. dxc5 dxc5 20. Bc1 Rad8 21. Bf4 Qd7 22. Bf1 g5 23. Bc1 Na4 24. R6e3 Nb6 25. Qa3 Qf5 26. f3 Nd7 27. Bd3 Qh3 28. Bf1 Qf5 29.
Bd3 Qh3 30. Qb3 Ne5 31. Be4 b6 32. Qa4 Rd7 33. Bd5 g4 34. Rxe5 Bxe5 35. Qxd7 Bxg3 36. hxg3 Qxg3+ 37. Kf1 gxf3 38. Re2 fxe2+ 39. Kxe2 Rf2+ 40. Kd1 Qg1# 0-1

[Event "Late-Titled-Tuesday-Blitz-April-30-2024"]
[Site "Chess.com"]
[Date "2024.04.30"]
[Round "10"]
[White "dosto07"]
[Black "Hirna2005"]
[Result "1-0"]
[WhiteElo "2504"]
[BlackElo "2368"]
[TimeControl "180+1"]
[EndTime "15:54:19 PDT"]
[Termination "dosto07 won on time"]

1. e4 g6 2. d4 Bg7 3. Nf3 d6 4. Nc3 a6 5. a4 Nc6 6. Be2 Nf6 7.
Be3 O-O 8. O-O Ng4 9. Bg5 h6 10. Bh4 g5 11. Bg3 f5 12. exf5 Bxf5 13. Nxg5 hxg5 14.
Bxg4 Nxd4 15. Bxf5 Nxf5 16. Qg4 e5 17. Ne4 Bh6 18. h4 Rf7 19. hxg5 Bg7 20. Nf6+ Rxf6 21. gxf6 Qxf6 22. Ra3 Nd4 23. Bh4 Qf7 24. c3 Nf5 25. c4 Rf8 26. Rf3 Qe6 27. Re1 Rf7 28. Bg5 Qg6 29. Re4 b6 30. b4 Nd4 31. Qc8+ Bf8 32. Rxf7 Qxf7 33. Rg4 Kh7 34. Rh4+ Kg6 35. Be3 Nf5 36. Rh8 Bg7 37. Rh3 Bf6 38. Qxa6 Qe6 39.
Qa8 c5 40. Qe4 Kf7 41. b5 1-0